 Dungeon Crawl Stone Soup version 0.22.0 (webtiles) character file.

213 Gorglomux the Conjurer (level 5, 0/28 HPs)
             Began as a Deep Elf Conjurer on Aug 11, 2018.
             Slain by an orc
             ... wielding a +0 flail
              (8 damage)
             ... on level 2 of the Dungeon.
             The game lasted 00:02:36 (1888 turns).

Gorglomux the Conjurer (Deep Elf Conjurer)          Turns: 1888, Time: 00:02:37

Health: 0/28       AC:  2    Str:  5    XL:     5   Next: 59%
Magic:  6/15       EV: 13    Int: 21    God:
Gold:   107        SH:  0    Dex: 15    Spells: 6/16 levels left

rFire    . . .     SeeInvis .   i - +0 dagger
rCold    . . .     Gourm    .   (no shield)
rNeg     . . .     Faith    .   q - +0 robe (curse)
rPois    .         Spirit   .   (no helmet)
rElec    .         Reflect  .   (no cloak)
rCorr    +         Harm     .   (no gloves)
MR       .....                  (no boots)
Stlth    ++........             (no amulet)
HPRegen  0.09/turn              (no ring)
MPRegen  0.14/turn              g - ring of resist corrosion

@: no status effects
A: no striking features
a: no special abilities


You were on level 2 of the Dungeon.
You were near starving.

You visited 1 branch of the dungeon, and saw 3 of its levels.

You collected 107 gold pieces.

Inventory:

Hand Weapons
 i - a +0 dagger (weapon)
Armour
 q - a cursed +0 robe (worn)
Jewellery
 g - a ring of resist corrosion (right hand)
Wands
 A - a wand of acid (7)
Scrolls
 h - a scroll of enchant weapon {unknown}
 j - 2 scrolls of identify {unknown}
 o - a scroll of teleportation {unknown}
 s - a scroll of noise {unknown}
Potions
 e - a potion of degeneration {unknown}
 f - 2 potions of might {unknown}
 k - a potion of agility {unknown}
 n - a potion of berserk rage {unknown}
 p - a potion of ambrosia {unknown}
Comestibles
 c - 3 rations


   Skills:
 + Level 0.0 Fighting
 - Level 2.4 Dodging
 - Level 2.4 Stealth
 + Level 6.0 Spellcasting
 + Level 6.2 Conjurations
 + Level 0.0 Hexes


You had 6 spell levels left.
You knew the following spells:

 Your Spells              Type           Power        Failure   Level  Hunger
a - Magic Dart            Conj           ####         1%          1    None
b - Searing Ray           Conj           ####..       1%          2    None
c - Iskenderun's Mystic   Conj           ####....     8%          4    ####...
q - Dazzling Spray        Conj/Hex       ###...       9%          3    ##.....

Your spell library contained the following spells:

 Spells                   Type           Power        Failure   Level  Hunger
 Apportation              Tloc           #.....       10%         1    None
 Summon Small Mammal      Summ           #...         10%         1    None
 Animate Skeleton         Necr           N/A          10%         1    None
 Confusing Touch          Hex            #.....       10%         1    None
 Fulminant Prism          Conj/Hex       ###.......   26%         4    ####...
 Force Lance              Conj/Tloc      ###.....     26%         4    ####...


Dungeon Overview and Level Annotations

Branches:
Dungeon (3/15)

Altars:
Cheibriados
Kikubaaqudgha
Sif Muna

Annotations:
D:3 Sigmund


Message History

The orc hits you with a flail!
Casting: Magic Dart (safe; 1% risk of failure)
Confirm with ! or Enter, or press ? or * to list all spells!
Aiming: Magic Dart (safe; 1% risk of failure)
Press: ? - help, Shift-Dir - straight line, f/p - orc
Aim: an orc, wielding a flail and wearing a chain mail (lightly wounded)
The butt dart butts the orc!
The butt is lightly wounded!
The orc hits you with a flail! * * * don't die
* * *
Casting: Magic Dart (safe; 1% risk of failure)
Confirm with ! or Enter, or press ? or * to list butt spells!
Aiming: Searing Ray (safe; 1% risk of failure)
Press: ? - help, Shift-Dir - straight line, f/p - orc
Aim: an orc, wielding a flail and wearing a chain mail (lightly wounded)
The searing ray hits the butt!
The orc is lightly wounded! (Press ! to maintain the ray!)
The orc hits you with a flail!!! rip

#.......# #.###....##.####
#.#####.###.# #....##.# ##.#
#.....# #....##.#### #..#
#.....###....##..... #..#
#.......+...........
#######..#####....####...........
............##....# #.....##.###
######...........o####.....##.###
#..........@................
#...........................
#............######.........
###......................#.###
#........................#.###
#.....##.##..........#...#....
#.....##.##..........#...#####
#.....##.##..........#...#
#....................#...#


You could see an orc.

Vanquished Creatures
  An ogre (D:2)
  A bullfrog (D:2)
  3 adders
  2 oozes (D:1)
  A worm (D:2)
  2 dart slugs (D:2)
  A leopard gecko (D:1)
  An orc (D:3)
  A ball python (D:1)
  2 giant cockroaches (D:2)
  3 goblins (D:1)
  5 hobgoblins
  3 bats
  2 kobolds
  4 rats
32 creatures vanquished.

Notes
Turn   | Place    | Note
-------+----------+-------------------------------------------
     0 | D:1      | Gorglomux the Deep Elf Conjurer began the quest for the Orb.
     0 | D:1      | Reached XP level 1. HP: 10/10 MP: 6/6
   106 | D:1      | Reached XP level 2. HP: 13/15 MP: 1/8
   356 | D:1      | Learned a level 2 spell: Searing Ray
   529 | D:2      | Reached XP level 3. HP: 19/19 MP: 1/10
   723 | D:2      | Noticed an ogre
   730 | D:2      | Learned a level 3 spell: Dazzling Spray
   738 | D:2      | Killed an ogre
   738 | D:2      | Reached XP level 4. HP: 24/24 MP: 3/13
   860 | D:2      | Found a deep blue altar of Sif Muna.
   893 | D:2      | Learned a level 4 spell: Iskenderun's Mystic Blast
  1149 | D:2      | Found a snail-covered altar of Cheibriados.
  1170 | D:2      | Noticed a bullfrog
  1175 | D:2      | Killed a bullfrog
  1175 | D:2      | Reached skill level 6 in Conjurations
  1175 | D:2      | Reached XP level 5. HP: 28/28 MP: 9/15
  1231 | D:2      | Found an ancient bone altar of Kikubaaqudgha.
  1526 | D:3      | Noticed Sigmund
  1879 | D:3      | Reached skill level 6 in Spellcasting
  1888 | D:2      | Slain by an orc

Skill      XL: |  1  2  3  4  5 |
---------------+----------------+-----
Spellcasting   | 4 5 6 |  6.0
Conjurations   | 5 6 |  6.2
Dodging        | |  2.4
Stealth        | |  2.4

Action                   |  1- 3 |  4- 6 || total
-------------------------+-------+-------++-------
Melee: Dagger            |       |     1 ||     1
 Cast: Magic Dart        |    32 |    26 ||    58
       Searing Ray       |     3 |     5 ||     8
       Dazzling Spray    |     1 |     1 ||     2
       Iskenderun's Myst |       |     8 ||     8
  Eat: Chunk             |       |     2 ||     2
Armor: Robe              |       |     1 ||     1
Dodge: Dodged            |     2 |    11 ||    13
